 Dungeon Crawl Stone Soup version 0.17.0-28-g6e173f8 (console) character file.

459 Kloppie the Chopper (level 7, -3/60 HPs)
             Began as a Hill Orc Fighter on Nov 22, 2015.
             Was a Follower of Elyvilon.
             Killed by divine providence
             ... invoked by an orc priest
              (15 damage)
             ... on level 4 of the Dungeon.
             The game lasted 00:04:14 (2979 turns).

Kloppie the Chopper (Hill Orc Fighter)              Turns: 2979, Time: 00:04:14

Health: -3/60      AC:  6    Str: 19    XL:     7   Next: 6%
Magic:  10/10      EV:  7    Int:  8    God:    Elyvilon [*.....]
Gold:   170        SH:  9    Dex: 12    Spells: 0 memorised, 6 levels left

rFire  . . .     SeeInvis .     a - +0 war axe
rCold  . . .     Clarity  .     b - +0 scale mail
rNeg   + . .     SustAt   .     c - +0 shield
rPois  .         Gourm    .     (no helmet)
rElec  .         Spirit   .     (no cloak)
rCorr  .         Warding  .     (no gloves)
rMut   .         Stasis   .     (no boots)
MR     .....                    (no amulet)
Stlth  ..........               (no ring)
                                m - ring of positive energy

@: not resistant to hostile enchantments, extremely unstealthy
A: no striking features
a: Lesser Healing, Divine Protection, Renounce Religion, Convert to Beogh


You were on level 4 of the Dungeon.
You worshipped Elyvilon.
Elyvilon was aware of your devotion.
You were not hungry.

You visited 1 branch of the dungeon, and saw 4 of its levels.

You collected 170 gold pieces.

Inventory:

Hand Weapons
 a - a +0 war axe (weapon)
Armour
 b - a +0 scale mail (worn)
 c - a +0 shield (worn)
Jewellery
 m - a ring of positive energy (left hand)
Scrolls
 h - a scroll of remove curse
 n - 2 scrolls of teleportation {unknown}
 o - a scroll of immolation {unknown}
Potions
 f - a potion of berserk rage {unknown}
 g - a potion of curing {unknown}
 j - a potion of mutation {unknown}
 p - a potion of haste {unknown}
Comestibles
 e - 2 bread rations
 i - a slice of pizza
 k - 2 fruits
 l - 2 meat rations


   Skills:
 - Level 4.8 Fighting
 + Level 7.1 Axes
 - Level 3.2 Armour
 - Level 3.2 Shields
 + Level 5.3 Invocations


You had 6 spell levels left.
You didn't know any spells.

Dungeon Overview and Level Annotations

Branches:
Dungeon (4/15)
 Temple: D:4-7

Altars:
Cheibriados
Elyvilon
Kikubaaqudgha
Okawaru
Trog


Message History

The orc priest mumbles some strange prayers to Beogh against you.
Something smites you!
* * * LOW HITPOINT WARNING * * *
The orc barely misses you.
Your shield and scale mail prevent you from hitting the orc.
The orc is lightly wounded.
You block the orc's attack.
You barely miss the orc.
The orc is lightly wounded.
The orc barely misses you. x2
Your shield and scale mail prevent you from hitting the orc.
The orc is lightly wounded.
The orc hits you but does no damage.
You slash the orc!
You kill the orc!
You slash the orc priest!
The orc priest is severely wounded.
The orc priest calls down the wrath of Beogh upon you.
Something smites you!
You die...

#.# #.# #.# #.# #.# #.#
#.# #.# #.. #.# #.# .
#.########.# #.# ...
........##.###.####.....
.. #............@or#
.....##.######.###.#
..##.##.# #.# #
..##.##.# #.# ..##.##.#
#.# ..##.##.# #..
..##.##.# ... ........#
... >.##.#### ..


You could see an orc priest and a quokka.

Vanquished Creatures
  The ghost of Arkorax the Ruffian, an amateur DrTm (D:3)
  An orc priest (D:4)
  2 giant frog skeletons (D:4)
  Jessica (D:3)
  A worker ant (D:4)
  An orc wizard (D:4)
  3 adders (D:3)
  4 gnolls
  2 oozes
  3 worms
  9 orcs
  4 giant cockroaches
  8 hobgoblins
  7 jackals
  8 kobolds
  2 quokkas (D:2)
  3 ball pythons
  5 bats
  A giant newt (D:1)
  9 goblins
  21 rats
96 creatures vanquished.

Notes
Turn   | Place    | Note
--------------------------------------------------------------
     0 | D:1      | Kloppie the Hill Orc Fighter began the quest for the Orb.
     0 | D:1      | Reached XP level 1. HP: 19/19 MP: 1/1
    24 | D:1      | Reached skill level 4 in Fighting
    27 | D:1      | Reached XP level 2. HP: 17/27 MP: 2/2
   152 | D:1      | Reached XP level 3. HP: 17/34 MP: 3/3
   946 | D:2      | Reached XP level 4. HP: 37/41 MP: 4/4
  1082 | D:2      | Found an ancient bone altar of Kikubaaqudgha.
  1087 | D:2      | Found a white marble altar of Elyvilon.
  1099 | D:2      | Became a worshipper of Elyvilon the Healer
  1229 | D:3      | Noticed Arkorax's ghost (amateur DrTm)
  1242 | D:3      | Killed Arkorax's ghost
  1242 | D:3      | Reached skill level 5 in Axes
  1242 | D:3      | Reached XP level 5. HP: 25/47 MP: 4/7
  1519 | D:2      | Reached XP level 6. HP: 50/55 MP: 8/8
  1551 | D:3      | Reached skill level 6 in Axes
  1923 | D:3      | Noticed Jessica
  1928 | D:3      | Killed Jessica
  2424 | D:3      | Found a snail-covered altar of Cheibriados.
  2457 | D:4      | Reached * piety under Elyvilon
  2729 | D:4      | Found a bloodstained altar of Trog.
  2730 | D:4      | Found an iron altar of Okawaru.
  2784 | D:4      | Reached skill level 7 in Axes
  2784 | D:4      | Reached skill level 5 in Invocations
  2787 | D:4      | Reached XP level 7. HP: 30/60 MP: 10/10
  2979 | D:4      | Killed from afar by an orc priest

Action                   |  1- 3 |  4- 6 |  7- 9 || total
-------------------------+-------+-------+-------++-------
Melee: War axe           |   121 |   138 |    19 ||   278
  Use: Potion            |       |     1 |       ||     1
       Scroll            |       |     2 |       ||     2
  Eat: Chunk             |       |     6 |     1 ||     7
